[Event "22nd OIBM 2018"]
[Site "Gmund am Tegernsee"]
[Date "2018.11.02"]
[Round "7"]
[White "Lipok, Christoph"]
[Black "Braun, Michael"]
[Result "0-1"]
[ECO "D30"]
[WhiteElo "2271"]
[BlackElo "2365"]
[Annotator "ChessBase"]
[PlyCount "177"]
[EventDate "2018.10.27"]
[EventType "swiss"]
[EventCountry "GER"]
[SourceTitle "playchess.com"]
[Source "ChessBase"]
[SourceQuality "1"]
[TimeControl "40/5400+30:1800+30"]

1. d4 d5 2. c4 e6 3. Nf3 c6 4. e3 Bd6 5. b3 f5 6. Bd3 Nf6 7. O-O Qe7 8. Bb2 b6 9. Ne5 O-O 10. Nc3 Ne4 11. Ne2 Bb7 12. f3 Nf6 13. Nc3 Nbd7 14. cxd5 Nxd5 15. Nxd7 Qxd7 16. Qe2 Nb4 17. Bc4 b5 18. a3 bxc4 19. axb4 cxb3 20. Qc4 Rfb8 21. Na4 Qe7 22. Nc5 Bc8 23. Ra3 a5 24. Rxa5 Rxa5 25. bxa5 Bxc5 26. dxc5 Rb5 27. Rd1 Rxa5 28. Rd6 Bd7 29. Qb4 Rb5 30. Qd4 Rb7 31. Qa4 Be8 32. e4 fxe4 33. Qxe4 Bd7 34. f4 Qf7 35. Rd3 Qf5 36. Qd4 Qf6 37. Qf2 Qf5 38. Qd4 Qf6 39. Qf2 Qf5 40. Qe3 Be8 41. h3 h5 42. Kh2 Rb4 43. Rd8 Kf7 44. Rd4 Rxd4 45. Qxd4 Qf6 46. Qf2 Qf5 47. Qg3 Qg6 48. Qxb3 h4 49. Be5 Kg8 50. Bd4 Qe4 51. Qe3 Qxe3 52. Bxe3 Bg6 53. Bf2 Bd3 54. Bxh4 g6 55. Bf6 Bc2 56. Kg3 Be4 57. Kf2 Bd5 58. Be5 Be4 59. g3 Kf7 60. Bc7 Bd5 61. Ke3 Bg2 62. h4 Kf6 63. g4 Bf1 64. Bd8+ Kf7 65. Ke4 Be2 66. g5 Bg4 67. Bf6 Bd1 68. Ke5 Be2 69. Kd6 Bf3 70. Be5 Bd5 71. Kd7 Bf3 72. Ba1 Bg2 73. Kd6 Bf3 74. Bc3 Bg2 75. Bd4 Bf3 76. Ke5 Bg4 77. Ke4 Bd1 78. Ke5 Bg4 79. Bc3 Be2 80. Kd6 Bf3 81. Ke5 Be2 82. Kd6 Bf3 83. Be1 Bg2 84. Ke5 Bf3 85. Bg3 Be2 86. Kd6 Bf3 87. Ke5 Be2 88. Kd6 Bf3 89. Ke5 0-1

[Event "22nd OIBM 2018"]
[Site "Gmund am Tegernsee"]
[Date "2018.11.02"]
[Round "7"]
[White "Heimrath, Reiner"]
[Black "Schmidt, Gerhard, Dr."]
[Result "1-0"]
[ECO "B23"]
[WhiteElo "2262"]
[BlackElo "2068"]
[Annotator "NA"]
[PlyCount "78"]
[EventDate "2018.10.27"]
[EventType "swiss"]
[EventCountry "GER"]
[SourceTitle "playchess.com"]
[Source "ChessBase"]
[SourceQuality "1"]
[TimeControl "40/5400+30:1800+30"]

1. e4 c5 2. Nc3 d6 3. d3 Nc6 {[%emt 0:00:27] B23: Closed Sicilian: Lines without g3} 4. Be3 (4. g3 g6 5. Be3 Bg7 6. Qd2 e5 7. Bg2 Nge7 8. h4 h5 9. f4 Nd4 10. Nd1 d5 11. c3 Ne6 12. Nf3 d4 13. Bg1 Nc6 14. c4 f6 15. Nf2 Bh6 16. Nh3 {½-½ (57) Granda Zuniga,J (2667)-Wojtaszek,R (2734) Baku 2015}) 4... Nf6 5. h3 e5 6. f4 Be7 7. g4 $146 ({Predecessor:} 7. Nf3 Nd4 8. fxe5 Nxf3+ 9. Qxf3 dxe5 10. O-O-O Be6 11. g4 {½-½ (29) Quaschner,T (1893)-Petzold,V (2016) Mittelfranken 2008}) 7... exf4 8. Bxf4 h6 9. Qd2 Be6 10. Bg2 Nd4 11. Nge2 Nxe2 12. Nxe2 Nd7 13. Bg3 Bg5 14. Nf4 Bh4 15. Qf2 Bxg3 16. Qxg3 Qb6 17. O-O O-O-O 18. c3 g5 19. Nd5 Bxd5 20. exd5 Ne5 21. Rad1 c4+ 22. d4 Nd3 23. Rxf7 Qxb2 24. Bf1 Rhf8 25. Rf5 Rxf5 26. gxf5 Qxc3 27. Qe3 Qc2 28. Rd2 Qb1 29. f6 Nf4 30. Rf2 Qg6 31. Qe7 Rd7 32. Qf8+ Kc7 33. Rb2 Rd8 34. Qe7+ Rd7 35. Rxb7+ Kxb7 36. Qxd7+ Kb8 37. Qe8+ {[%emt 0:03:06] Qxf6 [%clk 0:03:47] Qc6 [%clk 0:01:17]} Kc7 38. Qa8 {[%emt 0:01:21] Kd8 [%clk 0:03:29] Qxa7 [%clk 0:15:03]} Kd7 $2 (38... Qxf6 $11 39. Qxa7+ Kd8) 39. Qb8 $11 {[%emt 0:00:00] Kc7 [%clk 0:34:35]} (39. Qxa7+ {mates} Kd8 40. Qe7+ Kc8 41. f7 Qxf7 42. Qxf7 Nd3 43. Qe8+ Kc7 44. Qc6+ Kd8 45. Qxd6+ Ke8 46. Qc7) 39... Qe8 $2 {[%emt 0:00:00] Qxd4+ [%clk 0:34:43]} (39... Qxf6 $11 40. Qxa7+ Ke8 41. Qa4+ Kf7 42. Qxc4 Qe7) 1-0

[Event "22nd OIBM 2018"]
[Site "Gmund am Tegernsee"]
[Date "2018.11.02"]
[Round "7"]
[White "Heimrath, Reiner"]
[Black "Schmidt, Gerhard"]
[Result "1-0"]
[ECO "B23"]
[WhiteElo "2262"]
[BlackElo "2068"]
[Annotator "ChessBase"]
[PlyCount "78"]
[EventDate "2018.10.27"]
[EventType "swiss"]
[EventCountry "GER"]
[SourceTitle "playchess.com"]
[Source "ChessBase"]
[SourceQuality "1"]
[TimeControl "40/5400+30:1800+30"]

1. e4 c5 2. Nc3 d6 3. d3 Nc6 4. Be3 Nf6 5. h3 e5 6. f4 Be7 7. g4 exf4 8. Bxf4 h6 9. Qd2 Be6 10. Bg2 Nd4 11. Nge2 Nxe2 12. Nxe2 Nd7 13. Bg3 Bg5 14. Nf4 Bh4 15. Qf2 Bxg3 16. Qxg3 Qb6 17. O-O O-O-O 18. c3 g5 19. Nd5 Bxd5 20. exd5 Ne5 21. Rad1 c4+ 22. d4 Nd3 23. Rxf7 Qxb2 24. Bf1 Rhf8 25. Rf5 Rxf5 26. gxf5 Qxc3 27. Qe3 Qc2 28. Rd2 Qb1 29. f6 Nf4 30. Rf2 Qg6 31. Qe7 Rd7 32. Qf8+ Kc7 33. Rb2 Rd8 34. Qe7+ Rd7 35. Rxb7+ Kxb7 36. Qxd7+ Kb8 37. Qe8+ {[%emt 0:03:06] Qxf6 [%clk 0:03:47] Qc6 [%clk 0:01:17]} Kc7 38. Qa8 {[%emt 0:01:21] Kd8 [%clk 0:03:29] Qxa7 [%clk 0:15:03]} Kd7 39. Qb8 {[%emt 0:00:00] Kc7 [%clk 0:34:35]} Qe8 {[%emt 0:00:00] Qxd4+ [%clk 0:34:43]} 1-0

[Event "22nd OIBM 2018"]
[Site "Gmund am Tegernsee"]
[Date "2018.11.02"]
[Round "7"]
[White "Wessendorf, Thomas, Dr."]
[Black "Schoetzig, Detlef"]
[Result "1/2-1/2"]
[ECO "B01"]
[WhiteElo "2235"]
[BlackElo "2102"]
[Annotator "NA"]
[PlyCount "100"]
[EventDate "2018.10.27"]
[EventType "swiss"]
[EventCountry "GER"]
[SourceTitle "playchess.com"]
[Source "ChessBase"]
[SourceQuality "1"]
[TimeControl "40/5400+30:1800+30"]

1. e4 d5 2. exd5 Nf6 3. d4 Nxd5 4. Nf3 Bg4 5. c4 Nb6 6. c5 N6d7 7. Bc4 e6 8. h3 Bxf3 9. Qxf3 Nc6 {[%emt 0:00:07] B01: Scandinavian Defence} 10. Be3 Qf6 11. Nc3 Qxf3 12. gxf3 O-O-O 13. O-O-O Nf6 $146 ({Predecessor:} 13... Be7 14. a3 e5 15. d5 Nd4 16. b4 Nxf3 17. Nb5 {½-½ (27) Tischbierek,R (2475)-Grottke,H (2265) Zittau 1989}) 14. a3 Ne7 15. Ne4 Nf5 16. Ng5 Rg8 17. Nxf7 Re8 18. Ng5 Nxe3 19. fxe3 Kd7 20. e4 c6 21. Rhg1 g6 22. e5 Nd5 23. Bxd5 cxd5 24. Nxh7 Be7 25. f4 Rh8 26. Nf6+ Bxf6 27. exf6 Rh6 28. Rg4 Rf8 29. Rdg1 Rxf6 30. R1g3 Rf5 31. h4 Rfh5 32. Rxg6 Rxg6 33. Rxg6 Rxh4 34. Rg7+ Kc6 35. Rf7 a5 36. Kc2 b6 37. cxb6 Kxb6 38. Rf6 Kb5 39. b3 a4 40. bxa4+ Kxa4 41. Kd2 Kxa3 42. Rxe6 Rxf4 43. Ke3 Rh4 44. Rc6 Re4+ 45. Kd3 Rh4 46. Rc5 Rh3+ 47. Ke2 Kb4 48. Rxd5 $11 Kc4 49. Rd8 Ra3 50. d5 Kc5 1/2-1/2

[Event "22nd OIBM 2018"]
[Site "Gmund am Tegernsee"]
[Date "2018.11.02"]
[Round "7"]
[White "Hinrichs, Lars"]
[Black "Hanisch, Sebastian"]
[Result "0-1"]
[ECO "C00"]
[WhiteElo "2233"]
[BlackElo "2093"]
[Annotator "NA"]
[PlyCount "64"]
[EventDate "2018.10.27"]
[EventType "swiss"]
[EventCountry "GER"]
[SourceTitle "playchess.com"]
[Source "ChessBase"]
[SourceQuality "1"]
[TimeControl "40/5400+30:1800+30"]

1. e4 e6 2. d4 d5 3. Bd3 dxe4 4. Bxe4 Nf6 5. Bf3 c5 6. Ne2 Nc6 7. Be3 cxd4 8. Nxd4 Bd7 9. O-O Be7 10. c4 a6 $14 11. Nxc6 Bxc6 12. Bxc6+ bxc6 13. Qf3 Qc7 14. Nc3 O-O 15. Na4 Nd7 16. b3 f5 17. Rad1 Rae8 18. Rfe1 e5 19. Qh3 Bb4 20. Bd2 Bxd2 21. Rxd2 e4 22. Red1 Ne5 23. Nc5 Rf7 24. Qc3 Ng4 25. Rd6 f4 26. Ne6 Qe7 27. Qd4 Qh4 28. Rd8 Qxh2+ 29. Kf1 Ne3+ 30. Ke2 Qh5+ 31. f3 exf3+ 32. Kd2 Rfe7 0-1

[Event "22nd OIBM 2018"]
[Site "Gmund am Tegernsee"]
[Date "2018.11.02"]
[Round "7"]
[White "Bente, Bjoern"]
[Black "Pasti, Aron"]
[Result "1/2-1/2"]
[ECO "C50"]
[WhiteElo "2228"]
[BlackElo "2085"]
[Annotator "NA"]
[PlyCount "47"]
[EventDate "2018.10.27"]
[EventType "swiss"]
[EventCountry "GER"]
[SourceTitle "playchess.com"]
[Source "ChessBase"]
[SourceQuality "1"]
[TimeControl "40/5400+30:1800+30"]

1. e4 e5 2. Nf3 Nc6 3. Bc4 Bc5 4. O-O Nf6 {[%emt 0:00:00] LiveBook: 2123 Games} 5. d3 d6 6. a4 Bg4 7. c3 a5 8. Nbd2 O-O 9. Re1 Qd7 10. Nf1 d5 11. exd5 Nxd5 12. h3 Bxf3 13. Qxf3 Rad8 14. Ng3 Ba7 15. Nf5 Nde7 $18 (15... f6 $16) 16. Nxe7+ Qxe7 17. b3 Bc5 18. d4 Bd6 19. Bf4 Qf6 20. dxe5 Nxe5 21. Bxe5 Bxe5 22. Qxf6 Bxf6 23. Rac1 Rfe8 24. Rxe8+ 1/2-1/2

[Event "22nd OIBM 2018"]
[Site "Gmund am Tegernsee"]
[Date "2018.11.02"]
[Round "7"]
[White "Stolte, Alexander"]
[Black "Konik, Michael, Dr."]
[Result "1/2-1/2"]
[ECO "A13"]
[WhiteElo "2218"]
[BlackElo "2083"]
[Annotator "NA"]
[PlyCount "31"]
[EventDate "2018.10.27"]
[EventType "swiss"]
[EventCountry "GER"]
[SourceTitle "playchess.com"]
[Source "ChessBase"]
[SourceQuality "1"]
[TimeControl "40/5400+30:1800+30"]

1. Nf3 d5 2. c4 e6 3. g3 Nf6 4. Bg2 Nbd7 5. b3 Be7 6. O-O O-O 7. Bb2 c6 8. d3 b5 9. Nbd2 Qb6 10. e4 Rd8 11. e5 Ne8 12. cxd5 cxd5 13. Bd4 Qa6 14. Qe2 b4 15. Rfc1 Bb7 16. Nf1 1/2-1/2

[Event "22nd OIBM 2018"]
[Site "Gmund am Tegernsee"]
[Date "2018.11.02"]
[Round "7"]
[White "Sieglen, Joachim, Dr."]
[Black "Poelt, Christoph"]
[Result "1-0"]
[ECO "D85"]
[WhiteElo "2210"]
[BlackElo "1987"]
[Annotator "NA"]
[PlyCount "79"]
[EventDate "2018.10.27"]
[EventType "swiss"]
[EventCountry "GER"]
[SourceTitle "playchess.com"]
[Source "ChessBase"]
[SourceQuality "1"]
[TimeControl "40/5400+30:1800+30"]

1. d4 Nf6 2. c4 g6 3. Nc3 d5 4. Nf3 Bg7 5. cxd5 Nxd5 6. e4 Nxc3 7. bxc3 c5 8. Be3 Qa5 9. Qd2 Nc6 10. Rc1 cxd4 11. cxd4 Qxd2+ 12. Kxd2 O-O 13. d5 Rd8 14. Ke1 Ne5 {[%emt 0:08:04] LiveBook: 6 Games} 15. Nxe5 Bxe5 16. f4 Bb2 17. Rc2 Ba3 $14 18. Kf2 e6 19. Bc4 a6 20. Bb6 Re8 21. Kf3 Bd7 22. d6 e5 23. Bc7 exf4 24. Bd5 Rac8 25. Rd2 b5 26. Bb7 g5 27. Rd5 f6 28. Bxa6 h5 29. h3 Rcd8 30. Rhd1 Bc6 31. Bxb5 Bxd5 32. Bxe8 Bxe4+ 33. Kxe4 Rxe8+ 34. Kd3 Re3+ 35. Kc2 Bxd6 36. Bxd6 Re2+ 37. Rd2 Rxd2+ 38. Kxd2 Kf7 39. Ke2 Ke6 40. Bxf4 1-0

[Event "22nd OIBM 2018"]
[Site "Gmund am Tegernsee"]
[Date "2018.11.02"]
[Round "7"]
[White "Leeb, Simon"]
[Black "Wehrmann, Henning"]
[Result "1-0"]
[ECO "E73"]
[WhiteElo "2203"]
[BlackElo "1828"]
[Annotator "NA"]
[PlyCount "33"]
[EventDate "2018.10.27"]
[EventType "swiss"]
[EventCountry "GER"]
[SourceTitle "playchess.com"]
[Source "ChessBase"]
[SourceQuality "1"]
[TimeControl "40/5400+30:1800+30"]

1. d4 Nf6 2. c4 g6 3. Nc3 Bg7 4. e4 d6 5. Be2 e5 6. dxe5 dxe5 7. Qxd8+ Kxd8 8. Bg5 c6 9. f4 Nbd7 10. fxe5 Nxe5 11. Nf3 Re8 12. O-O-O+ Bd7 13. Rd6 Nxf3 14. gxf3 h6 15. Bxf6+ Bxf6 16. Rxf6 Be6 17. e5 1-0

[Event "22nd OIBM 2018"]
[Site "Gmund am Tegernsee"]
[Date "2018.11.02"]
[Round "7"]
[White "Schrems, Hermann"]
[Black "Morawietz, Dieter"]
[Result "0-1"]
[ECO "A64"]
[WhiteElo "2154"]
[BlackElo "2408"]
[Annotator "NA"]
[PlyCount "111"]
[EventDate "2018.10.27"]
[EventType "swiss"]
[EventCountry "GER"]
[SourceTitle "playchess.com"]
[Source "ChessBase"]
[SourceQuality "1"]
[TimeControl "40/5400+30:1800+30"]

1. d4 Nf6 2. c4 e6 3. g3 c5 4. d5 exd5 5. cxd5 d6 6. Nf3 g6 7. Bg2 Bg7 8. Nc3 O-O 9. O-O Re8 10. Nd2 a6 11. a4 Nbd7 12. h3 Rb8 13. Nc4 Ne5 14. Na3 Nh5 15. e4 Bd7 16. Ne2 {[%emt 0:04:41] A64: Modern Benoni: Fianchetto Variation: 9...Nbd7 10 Nd2 a6 11 a4 Re8} (16. g4 Nf6 17. g5 Nh5 18. f4 b5 19. fxe5 b4 20. Nc4 bxc3 21. bxc3 Bxe5 22. Qf3 f5 23. gxf6 Qxf6 24. Nxe5 Qxe5 {0-1 (60) So,W (2812)-Nakamura,H (2785) Stavanger 2017}) 16... f5 17. f4 Nf7 {[%emt 0:00:23] [#]} 18. exf5 $146 {[%emt 0:00:24] [#]} (18. Nc2 $17) ({Predecessor:} 18. Nc4 b5 19. axb5 Bxb5 20. Qc2 fxe4 21. g4 Nf6 22. Rd1 Nd7 23. Ra2 Bxc4 24. Qxc4 {½-½ (50) Fontaine,R (2537)-Iordachescu,V (2623) Paleochora 2010}) 18... Rxe2 $1 19. Qxe2 Nxg3 20. Qf3 Bd4+ 21. Be3 Bxe3+ 22. Qxe3 Nxf1 23. Bxf1 Bxf5 24. Re1 Qh4 25. Nc4 Bd7 26. a5 Re8 27. Qf2 Qxf2+ 28. Kxf2 Rxe1 29. Kxe1 Kf8 30. Kf2 Ke7 31. Kg3 Nh6 32. Bd3 Ng8 33. Be4 Nf6 34. Bf3 Bb5 35. Nb6 Bd3 36. Bg4 Kd8 37. Be6 Ne4+ 38. Kh4 h6 39. f5 Nf6 40. fxg6 Bxg6 41. Kg3 Ne4+ 42. Kg2 Nd2 43. Kf2 $19 (43. Kg3 $17 {was called for.}) 43... Nb3 44. Nc4 Ke7 45. Ke3 Be8 46. Nb6 Kd8 47. Nc4 Kc7 48. Kf4 Bb5 49. Ne3 Nxa5 50. Ng4 Nc4 51. Nxh6 Nxb2 52. Ng4 a5 53. h4 a4 54. h5 a3 55. h6 a2 56. h7 0-1

[Event "22nd OIBM 2018"]
[Site "Gmund am Tegernsee"]
[Date "2018.11.02"]
[Round "7"]
[White "Juergens, Klaus"]
[Black "Colpe, Malte"]
[Result "0-1"]
[ECO "A05"]
[WhiteElo "2149"]
[BlackElo "2379"]
[Annotator "NA"]
[PlyCount "42"]
[EventDate "2018.10.27"]
[EventType "swiss"]
[EventCountry "GER"]
[SourceTitle "playchess.com"]
[Source "ChessBase"]
[SourceQuality "1"]
[TimeControl "40/5400+30:1800+30"]

1. Nf3 Nf6 2. c4 g6 3. Nc3 Bg7 4. e4 d6 5. d4 O-O 6. h3 Nbd7 7. e5 Ne8 8. Be2 c5 9. exd6 Nxd6 10. O-O $11 cxd4 11. Nxd4 Ne5 12. c5 Nf5 13. Nxf5 Bxf5 14. Bg5 h6 15. Qxd8 Rfxd8 16. Bxe7 Rd2 17. g4 Be6 18. Rab1 Nc6 19. Bd6 Bxc3 20. bxc3 Rxe2 21. Rxb7 Rxa2 0-1

[Event "22nd OIBM 2018"]
[Site "Gmund am Tegernsee"]
[Date "2018.11.02"]
[Round "7"]
[White "Koelle, Tobias"]
[Black "Fischer, Daniel"]
[Result "1/2-1/2"]
[ECO "E21"]
[WhiteElo "2125"]
[BlackElo "2336"]
[Annotator "NA"]
[PlyCount "78"]
[EventDate "2018.10.27"]
[EventType "swiss"]
[EventCountry "GER"]
[SourceTitle "playchess.com"]
[Source "ChessBase"]
[SourceQuality "1"]
[TimeControl "40/5400+30:1800+30"]

1. d4 Nf6 2. c4 e6 3. Nc3 Bb4 4. Nf3 c5 5. g3 Nc6 6. Bg2 Ne4 7. Qd3 cxd4 8. Nxd4 Nxc3 9. bxc3 Ne5 {[%emt 0:00:33] E20: Nimzo-Indian: 4 g3 and 4 f3} 10. Qc2 Be7 11. Qb3 O-O 12. O-O Qc7 13. Bf4 a6 14. Nf3 {[%emt 0:06:53] [#]} d6 $146 ({Predecessor:} 14... Nxf3+ 15. Bxf3 e5 16. Be3 Bc5 17. Bxc5 Qxc5 {1-0 (32) Gulko,B (2490)-Balashov,Y (2540) Tallinn (Estland) 1983}) 15. Nxe5 dxe5 16. Be3 Bc5 17. Bxc5 Qxc5 18. Qb4 Qc7 19. c5 Bd7 20. Qxb7 Ra7 21. Qxc7 Rxc7 22. Rfd1 Bb5 23. a4 Bxe2 24. Re1 Bc4 25. Rxe5 f6 26. Re3 $11 Rxc5 27. Rb1 a5 28. h4 Rfc8 29. Rb6 e5 30. Re1 Kf7 31. Rd1 Ke7 32. Be4 h6 33. Bf5 R8c7 34. Rbd6 Bb3 35. Rd7+ Rxd7 36. Rxd7+ Kf8 37. Rd8+ Ke7 38. Rd7+ Kf8 39. Rd8+ Ke7 1/2-1/2

[Event "22nd OIBM 2018"]
[Site "Gmund am Tegernsee"]
[Date "2018.11.02"]
[Round "7"]
[White "Thrish Karthik"]
[Black "Schnepp, Gunnar"]
[Result "0-1"]
[ECO "B84"]
[WhiteElo "2116"]
[BlackElo "2320"]
[Annotator "NA"]
[PlyCount "62"]
[EventDate "2018.10.27"]
[EventType "swiss"]
[EventCountry "GER"]
[SourceTitle "playchess.com"]
[Source "ChessBase"]
[SourceQuality "1"]
[TimeControl "40/5400+30:1800+30"]

1. e4 c5 2. Nf3 d6 3. d4 cxd4 4. Nxd4 Nf6 5. Nc3 a6 6. Be2 e6 7. O-O Be7 8. a4 Qc7 9. Be3 b6 10. f4 Bb7 11. Bf3 Nbd7 12. Nb3 Rc8 13. g4 h6 14. Qe2 O-O 15. h4 d5 16. e5 Ne4 17. Bxe4 dxe4 18. g5 hxg5 19. hxg5 Rfd8 20. Qf2 Bb4 21. Bd4 Nc5 22. Bxc5 bxc5 23. Na2 c4 24. Nxb4 cxb3 25. cxb3 a5 26. Na2 Qc6 27. Rac1 e3 28. Qh2 Qb6 29. Qe2 Rxc1 30. Rxc1 Rd2 31. Qb5 Rg2+ 0-1

[Event "22nd OIBM 2018"]
[Site "Gmund am Tegernsee"]
[Date "2018.11.02"]
[Round "7"]
[White "Astengo, Corrado"]
[Black "Welling, Gerard"]
[Result "0-1"]
[ECO "B06"]
[WhiteElo "2114"]
[BlackElo "2297"]
[Annotator "NA"]
[PlyCount "44"]
[EventDate "2018.10.27"]
[EventType "swiss"]
[EventCountry "GER"]
[SourceTitle "playchess.com"]
[Source "ChessBase"]
[SourceQuality "1"]
[TimeControl "40/5400+30:1800+30"]

1. e4 g6 2. d4 Bg7 3. Nc3 c5 4. d5 d6 5. Be3 Nf6 6. Bb5+ Bd7 7. Bxd7+ Nbxd7 8. a4 O-O 9. h3 a6 10. Nf3 b5 11. Nd2 b4 12. Ne2 a5 13. O-O Nb6 14. Kh1 Nfd7 15. c3 Ne5 $11 16. b3 bxc3 17. Nxc3 Nd3 18. Qc2 Nb4 19. Qb2 f5 20. f3 e6 21. dxe6 Qf6 22. Ndb1 fxe4 0-1

[Event "22nd OIBM 2018"]
[Site "Gmund am Tegernsee"]
[Date "2018.11.02"]
[Round "7"]
[White "Rueberg, Jobst"]
[Black "Markmann, Ulrich"]
[Result "0-1"]
[ECO "B40"]
[WhiteElo "2101"]
[BlackElo "2282"]
[Annotator "NA"]
[PlyCount "80"]
[EventDate "2018.10.27"]
[EventType "swiss"]
[EventCountry "GER"]
[SourceTitle "playchess.com"]
[Source "ChessBase"]
[SourceQuality "1"]
[TimeControl "40/5400+30:1800+30"]

1. e4 c5 2. Nf3 e6 3. c3 d5 4. e5 d4 5. Bd3 Nc6 6. O-O Nge7 7. Re1 Ng6 8. g3 Be7 9. h4 Qc7 10. Qe2 b6 11. b3 Bb7 12. Bb2 dxc3 13. dxc3 O-O-O 14. Ba6 h5 15. Bxb7+ Qxb7 16. Na3 Rd5 17. Rad1 {[%emt 0:05:02] [#]} Rxe5 $17 18. Nxe5 Ncxe5 19. f4 Nf3+ 20. Kf2 Nxe1 21. Rxe1 Nxf4 22. gxf4 Bxh4+ 23. Ke3 Bxe1 24. Qxe1 h4 25. Nb5 Qg2 26. Nd6+ Kb8 27. Nxf7 h3 28. Nxh8 h2 29. Qh4 g5 30. Qh5 gxf4+ 31. Kxf4 Qf2+ 32. Ke5 Qf5+ 33. Qxf5 exf5 34. c4 h1=Q 35. Ke6 f4 36. Nf7 Qc6+ 37. Ke7 f3 38. Be5+ Ka8 39. Bg3 Qe4+ 40. Kf6 f2 0-1

[Event "22nd OIBM 2018"]
[Site "Gmund am Tegernsee"]
[Date "2018.11.02"]
[Round "7"]
[White "Lindam, Ingo"]
[Black "Tscharotschkin, Michael"]
[Result "1-0"]
[ECO "D02"]
[WhiteElo "2098"]
[BlackElo "2236"]
[Annotator "NA"]
[PlyCount "91"]
[EventDate "2018.10.27"]
[EventType "swiss"]
[EventCountry "GER"]
[SourceTitle "playchess.com"]
[Source "ChessBase"]
[SourceQuality "1"]
[TimeControl "40/5400+30:1800+30"]

1. d4 d5 2. Nf3 c6 3. c4 Nf6 4. Qc2 g6 5. Bf4 Bf5 6. Qb3 Qb6 7. e3 Nbd7 8. Nbd2 Bg7 9. h3 O-O 10. c5 Qxb3 11. axb3 Ne4 12. g4 Nxd2 13. Nxd2 Be6 14. b4 a6 15. Nb3 Rfc8 16. Kd2 $16 f6 17. Na5 Ra7 18. Nxb7 Bf7 19. Na5 e5 20. Bg3 Nb8 21. Nb3 Re8 22. Bd3 Be6 23. Ra3 Bc8 24. b5 cxb5 25. Bxb5 Ree7 26. Rha1 Rac7 27. Bd3 Rc6 28. Na5 Rcc7 29. Rb3 Nd7 30. c6 Nf8 31. Rb6 Ra7 32. Nb3 Ne6 33. Bxa6 Bxa6 34. Rbxa6 Rac7 35. Ra8+ Kf7 36. R1a6 Ng5 37. Rd8 Ne4+ 38. Kd3 Nxg3 39. fxg3 exd4 40. Nxd4 Bh6 41. Nc2 Re5 42. Rd7+ Rxd7 43. cxd7 Ke7 44. Rd6 Kd8 45. Rxf6 Kxd7 46. Rf7+ 1-0

[Event "22nd OIBM 2018"]
[Site "Gmund am Tegernsee"]
[Date "2018.11.02"]
[Round "7"]
[White "Pollmann, Sascha"]
[Black "Raupp, Thomas"]
[Result "0-1"]
[ECO "A04"]
[WhiteElo "2091"]
[BlackElo "2291"]
[Annotator "NA"]
[PlyCount "119"]
[EventDate "2018.10.27"]
[EventType "swiss"]
[EventCountry "GER"]
[SourceTitle "playchess.com"]
[Source "ChessBase"]
[SourceQuality "1"]
[TimeControl "40/5400+30:1800+30"]

1. Nf3 c5 2. g3 Nc6 3. Bg2 g6 4. O-O Bg7 5. e4 e5 6. d3 Nge7 7. c3 O-O 8. a3 d6 9. b4 h6 {[%emt 0:10:07] LiveBook: 136 Partien} 10. Nbd2 Be6 11. Rb1 Qc7 {[%emt 0:07:02] A04: Holländisches System ohne Übergang in andere Systeme} 12. Bb2 b5 $146 ({Vorgänger:} 12... Rad8 13. d4 cxd4 14. cxd4 d5 15. Qc1 dxe4 16. Nxe4 Bd5 17. Nxe5 Qb6 18. Qc5 Nf5 19. Qxb6 axb6 {½-½ (59) Miljanic,B (2425)-Ristic,N (2445) Niksic 1996}) 13. Ba1 cxb4 14. axb4 a5 15. bxa5 Rxa5 16. d4 Ba2 17. Rc1 Rfa8 18. Qe2 Qa7 19. Rfd1 Rb8 20. d5 Nd8 $1 21. c4 b4 22. Ne1 Nb7 23. Nd3 Nc5 24. Nxc5 Qxc5 25. Bh3 Nc8 26. Bxc8 Rxc8 27. Bb2 h5 28. g4 hxg4 29. Qxg4 Qc7 30. Ra1 Rca8 31. Qh3 Qe7 32. Bc1 Bf6 33. Nb3 Ra4 34. Bb2 Qc7 35. Rac1 Bg5 36. Rc2 Bxb3 37. Qxb3 Qc5 38. Qg3 Bf4 39. Qg4 b3 40. Rc3 Rxc4 41. Rxb3 Rxe4 42. Qf3 Rb4 43. Rc3 Rc4 44. Rxc4 Qxc4 45. Ba3 Ra6 46. Rb1 Qc8 47. Rb3 Kg7 48. h3 Qf5 49. Qe2 (49. Kg2 $142) 49... Ra4 50. Kf1 e4 51. Qb5 Ra8 52. Qb6 Qxd5 53. Rc3 Be5 $19 54. Re3 Rc8 55. Qb1 Rc4 56. Qb3 Qc6 57. Qb1 d5 58. Qe1 Rc2 59. Qb4 Qc4+ {Qe1 Qc6} 60. Kg2 0-1

[Event "22nd OIBM 2018"]
[Site "Gmund am Tegernsee"]
[Date "2018.11.02"]
[Round "7"]
[White "Baeuml, Ulrich"]
[Black "Dobrikov, Marco"]
[Result "0-1"]
[ECO "A37"]
[WhiteElo "2088"]
[BlackElo "2231"]
[Annotator "NA"]
[PlyCount "66"]
[EventDate "2018.10.27"]
[EventType "swiss"]
[EventCountry "GER"]
[SourceTitle "playchess.com"]
[Source "ChessBase"]
[SourceQuality "1"]
[TimeControl "40/5400+30:1800+30"]

1. Nf3 c5 2. c4 Nc6 3. Nc3 g6 4. g3 Bg7 5. Bg2 e6 6. O-O Nge7 7. d4 cxd4 8. Nb5 d5 9. cxd5 Nxd5 10. Nbxd4 Qb6 11. Nb3 O-O 12. e4 Ndb4 13. Be3 Qa6 14. Nc5 Qc4 15. Qd6 Bxb2 16. Rad1 Bf6 17. Qf4 Bg7 18. Rc1 Qxa2 19. Rfd1 b6 20. Nd7 Bxd7 21. Rxd7 Rad8 22. Rxd8 Nxd8 23. Bf1 Nc2 24. Bd2 e5 25. Qh4 Nd4 26. Nxd4 Qxd2 27. Ne2 Ne6 28. Ra1 a5 29. Rb1 Ng5 30. Kg2 Qd3 31. Rxb6 Qf3+ 32. Kg1 Nxe4 33. g4 g5 0-1

[Event "22nd OIBM 2018"]
[Site "Gmund am Tegernsee"]
[Date "2018.11.02"]
[Round "7"]
[White "Nikanova, Ekaterina"]
[Black "Koepke, Christian"]
[Result "0-1"]
[ECO "B20"]
[WhiteElo "2088"]
[BlackElo "2331"]
[Annotator "NA"]
[PlyCount "78"]
[EventDate "2018.10.27"]
[EventType "swiss"]
[EventCountry "GER"]
[SourceTitle "playchess.com"]
[Source "ChessBase"]
[SourceQuality "1"]
[TimeControl "40/5400+30:1800+30"]

1. e4 c5 2. a3 g6 3. b4 Bg7 4. Nc3 d6 5. g3 Nc6 6. Rb1 e5 7. Bg2 Nge7 8. Nge2 O-O 9. O-O b6 10. d3 Be6 11. Nd5 Nd4 12. Nxd4 cxd4 13. Nxe7+ Qxe7 14. Bd2 Rac8 15. Rc1 Qd7 16. c3 dxc3 17. Rxc3 d5 18. Qe2 $15 Rxc3 19. Bxc3 Rc8 20. Bb2 d4 21. Rc1 Bh6 22. Rxc8+ Qxc8 23. Qd1 Bg4 24. Qb1 Bd2 25. h4 h5 26. Bf1 Qc6 27. Bg2 Qa4 28. f3 Be6 29. Qf1 Qc2 30. Ba1 Bc1 31. f4 Qb1 32. f5 Bb3 33. fxg6 Qxa1 34. gxf7+ Bxf7 35. Kh2 Qc3 36. Qf5 Qc7 37. a4 Bh6 38. Qf6 Bg7 39. Qg5 Qd6 0-1

[Event "22nd OIBM 2018"]
[Site "Gmund am Tegernsee"]
[Date "2018.11.02"]
[Round "7"]
[White "Gschwendtner, Klaus"]
[Black "Donchenko, Anatoly"]
[Result "0-1"]
[ECO "B40"]
[WhiteElo "2086"]
[BlackElo "2269"]
[Annotator "ChessBase"]
[PlyCount "90"]
[EventDate "2018.10.27"]
[EventType "swiss"]
[EventCountry "GER"]
[SourceTitle "playchess.com"]
[Source "ChessBase"]
[SourceQuality "1"]
[TimeControl "40/5400+30:1800+30"]

1. e4 c5 2. Nf3 e6 3. d3 d5 4. Nbd2 Nf6 5. g3 b5 6. Bg2 Bb7 7. e5 Nfd7 8. O-O Nc6 9. Re1 Qc7 10. Qe2 Be7 11. h4 a5 12. Nf1 h6 13. h5 b4 14. c3 a4 15. a3 bxc3 16. bxc3 Rb8 17. Bh3 Ba6 18. Bf4 Rb3 19. Ne3 Nb6 20. Rec1 d4 21. cxd4 Bxd3 22. Qd1 c4 23. d5 exd5 24. e6 Bd6 25. exf7+ Kxf7 26. Bxd6 Qxd6 27. Nh4 Nd4 28. Nef5 Nxf5 29. Bxf5 Re8 30. Qg4 Qf6 31. Bg6+ Bxg6 32. hxg6+ Kf8 33. Ra2 Re4 34. Qh3 Qe6 35. Qg2 d4 36. Rd2 Re1+ 37. Kh2 Rxc1 38. Rxd4 Rbb1 39. Rf4+ Ke8 40. Qb7 Rh1+ 41. Kg2 Qd5+ 42. Re4+ Kd8 43. Qe7+ Kc8 44. Nf3 Nd7 45. g4 Rhd1 0-1